 Dungeon Sprint DCSS version 0.26-a0-52-gd53d4cd (webtiles) character file.

Game seed: 7501112131954600736

24120 ryw the Devastator (level 12, -13/77 HPs)
             Began as a Deep Elf Air Elementalist on June 5, 2020.
             Was the Champion of Vehumet.
             Shot with a bolt by a yaktaur captain (51 damage)
             ... in the Dungeon (Sprint IX: "|||||||||||||||||||||||||||||").
             The game lasted 00:30:49 (4681 turns).

ryw the Devastator (Deep Elf Air Elementalist)      Turns: 4681, Time: 00:30:50

Health: -13/77     AC: 16    Str: 11    XL:     12   Next: 77%
Magic:  27/33      EV: 21    Int: 32    God:    Vehumet [******]
Gold:   521        SH:  0    Dex: 19    Spells: 23/42 levels left

rFire    . . .     SeeInvis .   m - +2 quarterstaff (protect)
rCold    + . .     Gourm    .   (shield currently unavailable)
rNeg     . . .     Faith    .   C - +4 ring mail of Donuf {rCorr Int+3}
rPois    .         Spirit   .   j - +1 hat {Int+3}
rElec    +         Reflect  .   A - +0 cloak
rCorr    +         Harm     .   D - +0 pair of gloves {Dex+3}
MR       ++...     NoTele   +   y - +0 pair of boots
Stlth    ++........             (no amulet)
HPRegen  0.22/turn              p - +3 ring of dexterity
MPRegen  0.23/turn              q - ring "Bohaih" {rElec rC+ MR+ Str+6 Dex-2}

@: no status effects
A: no striking features
a: Renounce Religion


You were in the Dungeon.
You worshipped Vehumet.
Vehumet was exalted by your worship.
You were not hungry.

You visited 1 branch You collected 1917 gold pieces.
You spent 1396 gold pieces at shops.

Inventory:

Hand Weapons
 m - a +2 quarterstaff of protection (weapon)
   (You took it off Joseph in the Dungeon)
 B - the +5 dagger "ryw's Death" {flame, SInv}
   (You found it in the Dungeon)

   It has been specially enchanted to burn those struck by it, causing extra
   injury to most foes and up to half again as much damage against particularly
   susceptible opponents.
   It lets you see invisible.
Missiles
 o - 9 curare-tipped darts {!f}
 t - 7 boomerangs of dispersal (quivered) {!f}
Armour
 j - a +1 hat of intelligence (worn)
   (You took it off Gastronok in the Dungeon)
 y - a +0 pair of boots (worn)
   (You found it in the Dungeon)
 A - a +0 cloak (worn)
   (You found it in the Dungeon)
 C - the +4 ring mail of Donuf (worn) {rCorr Int+3}
   (You bought it in a shop in the Dungeon)

   It affects your intelligence (+3).
   It provides partial protection from all sources of acid and corrosion.
 D - a +0 pair of gloves of dexterity (worn)
   (You found it in the Dungeon)
 E - the +0 plate armour of Qiozxila {Slay+3}
   (You found it in the Dungeon)

   It affects your accuracy and damage with ranged weapons and melee attacks
   (+3).
Magical Staves
 n - an uncursed staff of energy {!a}
   (You found it in the Dungeon)
Jewellery
 l - an uncursed ring of protection from magic
   (You found it in the Dungeon)
 p - a +3 ring of dexterity (left hand)
   (You found it in the Dungeon)
 q - the ring "Bohaih" (right hand) {rElec rC+ MR+ Str+6 Dex-2}
   (You acquired it in the Dungeon)

   [ring of strength]

   It affects your strength (+6).
   It affects your dexterity (-2).
   It protects you from cold.
   It insulates you from electricity.
   It affects your resistance to hostile enchantments.
Wands
 x - a wand of acid (15)
   (You found it in the Dungeon)
Scrolls
 h - 4 scrolls of remove curse {@r2}
 k - 2 scrolls of amnesia
 u - 3 scrolls of identify {@r1}
 v - 2 scrolls of fear
 w - 6 scrolls of enchant weapon
 z - a scroll of magic mapping
Potions
 b - a potion of invisibility
 c - 11 potions of heal wounds {@q2}
 d - 7 potions of curing {@q1}
 f - a potion of haste {@q3}
 g - 3 potions of magic
 r - 2 potions of brilliance
 s - a potion of stabbing
 F - a potion of might
Comestibles
 e - 9 rations


   Skills:
 - Level 10.0 Fighting
 - Level 8.5 Armour
 + Level 14.8 Dodging
 - Level 2.4 Stealth
 + Level 15.9 Spellcasting
 + Level 20.3 Conjurations
 + Level 13.6 Air Magic
 * Level 5.7 Earth Magic


You had 23 spell levels left.
You knew the following spells:

 Your Spells              Type           Power        Failure   Level  Hunger
a - Shock                 Conj/Air       ####         0%          1    None
b - Lightning Bolt        Conj/Air       #######...   1%          5    None
c - Lee's Rapid Deconstr  Erth           ######....   2%          5    None
d - Iron Shot             Conj/Erth      #######...   1%          6    ##.....
s - Swiftness             Chrm/Air       ######..     1%          2    None

Your spell library contained the following spells:

 Spells                   Type           Power        Failure   Level  Hunger
 Chain Lightning          Conj/Air       #######...   6%          8    ######.
 Static Discharge         Conj/Air       #######.     0%          3    None
 Airstrike                Air            #######...   1%          4    None


Dungeon Overview and Level Annotations

Branches:
Dungeon (1/1)

Altars:
Cheibriados
Dithmenos
Elyvilon
Fedhas
Gozag
Hepliaklqana
Kikubaaqudgha
Makhleb
Nemelex Xobeh
Okawaru
Qazlal
Ru
Sif Muna
Trog
Uskayaw
Vehumet
Wu Jian
Xom
Yredelemnul
Zin
The Shining One
Beogh
Jiyva
Lugonu

Shops:
D ?!*[


Message History

You feel your power returning.
Unknown command.
You start resting.
You start resting.
You see here a large rock.
A glowing orange brain comes into view.
The glowing orange brain pulsates.
You resist with some effort.
Aim: a glowing orange brain You hear a mighty clap of thunder!
The bolt of lightning hits the glowing orange brain!!!
Aim: a glowing orange brain (almost dead)
The iron shot hits the glowing orange brain!!!
You kill the glowing orange brain!
Vehumet accepts your kill.
You feel your power returning.
Your Fighting skill increases to level 10!
You start resting.
There is an open door here.
You see here an uncursed ring of ice.
You see here an uncursed ring of ice.
You see here an uncursed ring of ice.
You see here a +0 triple crossbow.
You see here a +1 demon blade of electrocution.
You see here a +1 glaive.
You see here a +1 longbow.
You see here a +5 war axe of electrocution.
A yaktaur captain comes into view.
The yaktaur captain wields a cursed +0 arbalest.
The yaktaur captain shoots a bolt.
The bolt hits you!
Things that are here:
a bolt; a +3 broad axe Unknown command.
Okay, then.
Unknown command.
You can't see any susceptible monsters within range! (Use Z to cast anyway.) Unknown command.
You can't see any susceptible monsters within range! (Use Z to cast anyway.) Unknown command.
The yaktaur captain shoots a bolt.
The bolt hits you!!
* * * LOW HITPOINT WARNING * * *
Things that are here:
a bolt; a +0 executioner's axe Unknown command.
Unknown command.
Aim: a yaktaur captain, wielding a +0 arbalest and quivering 19 bolts The iron shot hits the yaktaur captain!!!
The yaktaur captain shoots a bolt.
The bolt hits you!!!
Ouch! That really hurt!
You die...

.'......=......'.........'.......
▓▓▓▓▓▓▓▓▓▓▓▓▓▓▓▓▓▓▓▓▓▓▓▓▓▓▓▓▓▓▓▓▓
......).).))..)..)...............
▓▓▓▓▓▓▓▓▓▓▓▓▓▓▓▓▓▓▓▓▓▓▓▓▓▓▓▓▓▓▓▓▓
.......))))).).......))[).)).....
▓▓▓▓▓▓▓▓▓▓▓▓▓▓▓▓▓▓▓▓▓▓▓▓▓▓▓▓▓▓▓▓▓
...........[.....................
▓▓▓▓▓▓▓▓▓▓▓▓▓▓▓▓▓▓▓▓▓▓▓▓▓▓▓▓▓▓▓▓▓
...'===..)))))(.@.[[[c[.[.....J..
▓▓▓▓▓▓▓▓▓▓▓▓▓▓▓▓▓▓▓▓▓▓▓▓▓▓▓▓▓▓▓▓▓


You could see a yaktaur captain.

Vanquished Creatures
  Gastronok (D)
  2 dire elephants (D)
  A stone giant (D)
  An ettin (D)
  Erica (D)
  A two-headed ogre (D)
  A vampire mage (D)
  9 orc high priests (D)
  Sonja (D)
  An unseen horror (D)
  A glowing orange brain (D)
  2 orc knights (D)
  An orc sorcerer (D)
  An ugly thing (D)
  A cyclops (D)
  6 elephants (D)
  Psyche (D)
  Joseph (D)
  2 spiny frogs (D)
  2 efreet (D)
  A troll (D)
  A slime creature (D)
  A blink frog (D)
  2 hippogriffs (D)
  A wyvern (D)
  3 yaks (D)
  A vampire (D)
  A basilisk (D)
  A soldier ant (D)
  5 water moccasins (D)
  3 porcupines (D)
  9 orc warriors (D)
  A sky beast (D)
  An eye of draining (D)
  A phantom (D)
  3 crocodiles (D)
  2 scorpions (D)
  A killer bee (D)
  A howler monkey (D)
  A crimson imp (D)
  A hound (D)
  A jelly (D)
  6 orc priests (D)
  2 orc wizards (D)
  An adder skeleton (D)
  A leopard gecko (D)
  8 orcs (D)
  2 bats (D)
  A bat skeleton (D)
  A giant cockroach (D)
  2 hobgoblins (D)
103 creatures vanquished.

Notes
Turn   | Place    | Note
-------+----------+-------------------------------------------
     0 | D        | ryw the Deep Elf Air Elementalist began the quest for the
                  | Orb.
     0 | D        | Reached XP level 1. HP: 10/10 MP: 6/6
     8 | D        | Reached skill level 2 in Conjurations
    71 | D        | Noticed a crimson imp
    71 | D        | Noticed a phantom
    71 | D        | Noticed a jelly
    71 | D        | Noticed a howler monkey
    73 | D        | Reached XP level 2. HP: 13/15 MP: 5/8
    74 | D        | Reached skill level 3 in Conjurations
    74 | D        | Reached skill level 5 in Air Magic
    74 | D        | Reached XP level 3. HP: 17/19 MP: 4/11
    77 | D        | Reached skill level 5 in Spellcasting
    77 | D        | Reached XP level 4. HP: 21/24 MP: 1/13
    78 | D        | Reached skill level 5 in Dodging
    78 | D        | Reached skill level 4 in Conjurations
   113 | D        | Killed a phantom
   113 | D        | Reached skill level 5 in Conjurations
   113 | D        | Reached XP level 5. HP: 6/28 MP: 1/16
   372 | D        | Found a roughly hewn altar of Beogh.
   372 | D        | Found a snail-covered altar of Cheibriados.
   372 | D        | Found a shadowy altar of Dithmenos.
   372 | D        | Found a white marble altar of Elyvilon.
   372 | D        | Found a blossoming altar of Fedhas.
   372 | D        | Found an opulent altar of Gozag.
   373 | D        | Found a hazy altar of Hepliaklqana.
   377 | D        | Learned a level 2 spell: Swiftness
   383 | D        | Learned a level 5 spell: Lightning Bolt
   383 | D        | Found a viscous altar of Jiyva.
   384 | D        | Found an ancient bone altar of Kikubaaqudgha.
   385 | D        | Found a corrupted altar of Lugonu.
   386 | D        | Found a burning altar of Makhleb.
   387 | D        | Found a sparkling altar of Nemelex Xobeh.
   388 | D        | Found an iron altar of Okawaru.
   389 | D        | Found a stormy altar of Qazlal.
   390 | D        | Found a sacrificial altar of Ru.
   391 | D        | Found a shimmering blue altar of Sif Muna.
   392 | D        | Found a bloodstained altar of Trog.
   393 | D        | Found a hide-covered altar of Uskayaw.
   394 | D        | Found a radiant altar of Vehumet.
   395 | D        | Found an ornate altar of the Wu Jian Council.
   396 | D        | Found a shimmering altar of Xom.
   397 | D        | Found a basalt altar of Yredelemnul.
   398 | D        | Found a glowing silver altar of Zin.
   399 | D        | Found a glowing golden altar of the Shining One.
   404 | D        | Became a worshipper of Vehumet
   439 | D        | Noticed a yak
   439 | D        | Noticed a vampire
   439 | D        | Noticed a crocodile
   443 | D        | Reached skill level 6 in Conjurations
   450 | D        | Reached * piety under Vehumet
   450 | D        | Offered knowledge of Magic Dart by Vehumet.
   450 | D        | Reached skill level 8 in Conjurations
   450 | D        | Reached XP level 6. HP: 13/32 MP: 10/18
   455 | D        | Reached skill level 9 in Conjurations
   459 | D        | Killed a vampire
   459 | D        | Reached skill level 11 in Conjurations
   465 | D        | Killed a yak
   465 | D        | Reached ** piety under Vehumet
   465 | D        | Reached skill level 12 in Conjurations
   465 | D        | Reached XP level 7. HP: 12/36 MP: 9/19
   688 | D        | Noticed a two-headed ogre
   688 | D        | Noticed a troll
   696 | D        | Offered knowledge of Foxfire by Vehumet.
   696 | D        | Reached skill level 13 in Conjurations
   699 | D        | Reached skill level 14 in Conjurations
   739 | D        | Killed a two-headed ogre
   739 | D        | Reached *** piety under Vehumet
   739 | D        | Reached skill level 16 in Conjurations
   739 | D        | Reached XP level 8. HP: 41/41 MP: 2/20
   872 | D        | Offered knowledge of Stone Arrow by Vehumet.
   957 | D        | Killed a troll
   957 | D        | Reached skill level 17 in Conjurations
  1004 | D        | Noticed Joseph
  1020 | D        | Killed Joseph
  1020 | D        | Offered knowledge of Mephitic Cloud by Vehumet.
  1020 | D        | Reached skill level 1 in Fighting
  1020 | D        | Reached XP level 9. HP: 48/48 MP: 12/22
  1123 | D        | Noticed Gastronok
  1270 | D        | Killed Gastronok
  1270 | D        | Reached **** piety under Vehumet
  1476 | D        | Noticed a spiny frog
  1477 | D        | Offered knowledge of Yara's Violent Unravelling by Vehumet.
  1477 | D        | Reached skill level 10 in Spellcasting
  1477 | D        | Reached skill level 18 in Conjurations
  1477 | D        | Reached XP level 10. HP: 56/56 MP: 21/26
  1479 | D        | Killed a spiny frog
  1479 | D        | Reached ***** piety under Vehumet
  1490 | D        | Reached skill level 10 in Air Magic
  1505 | D        | Reached skill level 5 in Fighting
  1505 | D        | Reached skill level 10 in Dodging
  1546 | D        | Noticed a spiny frog
  1547 | D        | Killed a spiny frog
  1550 | D        | Reached skill level 5 in Armour
  1550 | D        | Reached ****** piety under Vehumet
  1607 | D        | Noticed an elephant
  1607 | D        | Noticed an elephant
  1607 | D        | Noticed a dire elephant
  1607 | D        | Noticed an elephant
  1607 | D        | Noticed an elephant
  1607 | D        | Noticed an elephant
  1608 | D        | Noticed a dire elephant
  1611 | D        | Killed an elephant
  1612 | D        | Killed an elephant
  1613 | D        | Killed an elephant
  1614 | D        | Killed a dire elephant
  1614 | D        | Reached XP level 11. HP: 66/66 MP: 15/29
  1626 | D        | Killed a dire elephant
  1626 | D        | Offered knowledge of Conjure Ball Lightning by Vehumet.
  1761 | D        | Reached skill level 19 in Conjurations
  2135 | D        | Noticed Erica
  2169 | D        | Killed Erica
  2328 | D        | Offered knowledge of Iskenderun's Battlesphere by Vehumet.
  2328 | D        | Noticed an ettin
  2368 | D        | Killed an ettin
  2660 | D        | Noticed an orc knight
  2660 | D        | Noticed an orc knight
  2660 | D        | Noticed an orc sorcerer
  2662 | D        | Offered knowledge of Freezing Cloud by Vehumet.
  2664 | D        | Killed an orc knight
  2664 | D        | Killed an orc sorcerer
  2665 | D        | Killed an orc knight
  2839 | D        | Offered knowledge of Lee's Rapid Deconstruction by Vehumet.
  2851 | D        | Learned a level 5 spell: Lee's Rapid Deconstruction
  2992 | D        | Found Eshrou's Magic Scroll Emporium.
  2992 | D        | Noticed an orc high priest
  2992 | D        | Noticed an orc high priest
  2992 | D        | Noticed an orc high priest
  2994 | D        | Killed an orc high priest
  2995 | D        | Killed an orc high priest
  2995 | D        | Offered knowledge of Irradiate by Vehumet.
  2996 | D        | Noticed an orc high priest
  2997 | D        | Killed an orc high priest
  2997 | D        | Reached XP level 12. HP: 72/75 MP: 17/32
  3088 | D        | Killed an orc high priest
  3089 | D        | Noticed an orc high priest
  3091 | D        | Noticed an orc high priest
  3242 | D        | Killed an orc high priest
  3309 | D        | Killed an orc high priest
  3419 | D        | Noticed an orc high priest
  3432 | D        | Killed an orc high priest
  3432 | D        | Reached skill level 1 in Earth Magic
  3522 | D        | Noticed an orc high priest
  3524 | D        | Killed an orc high priest
  3525 | D        | Noticed an orc high priest
  3527 | D        | Killed an orc high priest
  3527 | D        | Offered knowledge of Iron Shot by Vehumet.
  3527 | D        | Reached skill level 15 in Spellcasting
  3578 | D        | Learned a level 6 spell: Iron Shot
  3583 | D        | Found Jucetz's Distillery.
  3587 | D        | Found Dunaveas's Assorted Antiques.
  3594 | D        | Found Noades's Antique Armour Shoppe.
  3598 | D        | Bought a scroll of acquirement for 676 gold pieces
  3604 | D        | Bought a masterwork ring mail for 270 gold pieces
  3604 | D        | Bought a pair of embroidered gloves for 225 gold pieces
  3614 | D        | Identified the +4 ring mail of Donuf {rCorr Int+3} (You
                  | bought it in a shop in the Dungeon)
  3632 | D        | Bought a pair of glowing gloves for 225 gold pieces
  3638 | D        | Got the ring "Bohaih" {rElec rC+ MR+ Str+6 Dex-2}
  3680 | D        | Noticed Sonja
  3681 | D        | Killed Sonja
  3819 | D        | Noticed Psyche
  3822 | D        | Killed Psyche
  3822 | D        | Reached skill level 20 in Conjurations
  3884 | D        | Got the +5 dagger "ryw's Death" {flame, SInv}
  3896 | D        | Got the +0 plate armour of Qiozxila {Slay+3}
  3927 | D        | Upgraded the game from 0.26-a0-50-gc4d14cd to
                  | 0.26-a0-52-gd53d4cd
  3934 | D        | Offered knowledge of Chain Lightning by Vehumet.
  4247 | D        | Noticed a vampire mage
  4251 | D        | Noticed a jiangshi
  4252 | D        | Noticed a jiangshi
  4351 | D        | Killed a vampire mage
  4351 | D        | Reached skill level 5 in Earth Magic
  4520 | D        | Noticed a stone giant
  4529 | D        | Killed a stone giant
  4637 | D        | Reached skill level 10 in Fighting
  4678 | D        | Noticed a yaktaur captain
  4681 | D        | Shot with a bolt by a yaktaur captain

Illustrated notes

Levels and vault maps discovered:
D:        linesprint [early_d, line_temple, items_1, d_10, items_2, lair_1,
          lair_end, items_3, orc_1, orc_end, items_4, d_15, swamp_1, shoals_1,
          snake_1, spider_1, d_20, vaults_1, items_5, swamp_end, shoals_end,
          snake_end, spider_end, vaults_end, d_27, items_6, zot_1, zot_end,
          crypt_end, forest_end, elf_end, slime_end, tomb_end, abyss_end,
          pan_hell_end]

Skill      XL: |  1  2  3  4  5  6  7  8  9 10 11 12 |
---------------+-------------------------------------+-----
Dodging        | 3 4 6 7 9 11 13 14 | 14.8
Conjurations   | 2 3 5 8 12 16 17 18 19 20 | 20.3
Spellcasting   | 4 5 7 10 12 14 15 | 15.9
Air Magic      | 5 7 8 9 11 12 13 | 13.6
Fighting       | 1 4 6 8 10 | 10.0
Armour         | 3 6 8 |  8.5
Earth Magic    | 5 |  5.7
Stealth        | |  2.4

Action                   |  1- 3 |  4- 6 |  7- 9 | 10-12 || total
-------------------------+-------+-------+-------+-------++-------
Melee: Club              |       |    14 |       |       ||    14
       Quarterstaff      |       |       |       |    19 ||    19
 Cast: Shock             |     9 |    14 |     4 |    72 ||    99
       Swiftness         |       |     1 |     3 |     5 ||     9
       Lightning Bolt    |       |       |    18 |    79 ||    97
       Iron Shot         |       |       |       |    15 ||    15
Evoke: Wand              |       |       |     2 |     5 ||     7
  Use: Potion            |       |     1 |       |     3 ||     4
       Scroll            |       |       |     1 |     3 ||     4
  Eat: Chunk             |       |       |     4 |     8 ||    12
       Ration            |       |       |       |     2 ||     2
Armor: Robe              |       |       |       |     6 ||     6
       Ring mail         |       |       |       |    12 ||    12
Dodge: Dodged            |     5 |    14 |     4 |    64 ||    87

Table legend:
 A = Non-vault XP
 B = Vault XP
 C = Vault XP percentage of total XP
 D = Non-vault monster count
 E = Vault monster count
 F = Vault count percentage of total count
                 A         B        C        D         E       F
            +---------+---------+-------+---------+---------+-------
      Total |       0 |   34458 | 100.0 |       0 |     103 | 100.0
            +---------+---------+-------+---------+---------+-------
          D |       0 |   34458 | 100.0 |       0 |     103 | 100.0
            +---------+---------+-------+---------+---------+-------
